Map: Kairos Junction LE

Players

LigerMaNN - Winner!

  • Race: Zerg Zerg
  • League: Diamond
  • Spawn Location: 5:00

Dibblz

  • Race: Terran Terran
  • League: Diamond
  • Spawn Location: 11:00

VOD

Have the link to the VOD?

Description

ariW

Time

  • Played on: Dec. 4, 2018, 9:09 p.m.
  • Length: 13:24
Show
View Real Time Build Order
Export as new Build Order

LigerMaNN Zerg - Winner!

Build Orders: Pool First 

Get SALT Encoding   

  12  0:03  Drone  
  13  0:12  Overlord  
  13  0:17  Drone  
  14  0:31  Drone  
  14  0:32  Drone  
  16  0:38  Drone  
  17  0:46  Spawning Pool  
  17  0:48  Drone  
  17  1:10  Hatchery  
  16  1:13  Drone  
  17  1:28  Extractor  
  19  1:32  Zergling x6  
  19  1:38  Queen  
  21  1:43  Overlord  
  21  1:55  Drone  
  22  2:05  Drone  
  23  2:14  Queen  
  25  2:31  Drone x3  
  28  2:45  Drone x3  
  31  2:58  Drone  
  31  2:59  Drone x4  
  36  3:06  Metabolic Boost  
  36  3:12  Hatchery  
  36  3:16  Drone  
  36  3:19  Roach Warren  
  34  3:33  Drone  
  35  3:35  Overlord x2  
  35  3:52  Extractor  
  35  3:53  Drone x7, Queen  
  43  4:01  Overlord  
  41  4:31  Roach  
  41  4:32  Roach x7  
  41  4:35  Overlord x2  
  57  4:40  Overlord x2  
  57  4:45  Drone  
  58  4:47  Overlord x3  
  58  4:56  Zergling x4  
  57  5:20  Drone x10  
  61  5:28  Drone x3  
  62  5:31  Ravager x4  
  62  5:32  Ravager x2  
  69  5:36  Zergling x10  
  74  5:43  Drone x3  
  72  6:06  Zergling x20  
  69  6:19  Drone x5  
  67  6:33  Roach  
  67  6:34  Roach x8  
  67  6:39  Extractor, Drone  
  82  7:00  Drone x6  
  82  7:01  Drone x3  
  89  7:08  Evolution Chamber, Lair  
  89  7:11  Drone x3  
  89  7:12  Extractor, Drone x2  
  89  7:13  Drone x2  
  89  7:14  Evolution Chamber  
  93  7:22  Extractor  
  92  7:23  Extractor  
  92  7:26  Hatchery  
  85  7:35  Roach  
  85  7:36  Roach x8  
  101  7:38  Zergling x6, Hatchery  
  93  7:50  Zergling x4  
  93  7:51  Zergling x8  
  91  7:56  Zerg Missile Weapons Level 1  
  91  8:06  Drone x3  
  91  8:11  Roach  
  96  8:15  Zerg Ground Armor Level 1  
  88  8:32  Zergling x18  
  96  8:34  Roach  
  96  8:40  Roach x3  
  102  8:41  Overlord x2  
  102  8:48  Overlord  
  102  8:49  Overlord x2  
  102  8:53  Hatchery  
  102  8:54  Ravager  
  102  8:55  Ravager  
  103  9:07  Zergling x26  
  116  9:11  Glial Reconstitution  
  116  9:16  Overseer x8  
  111  9:27  Hatchery  
  109  9:33  Roach  
  109  9:34  Roach x9  
  123  10:05  Roach x10  
  143  10:07  Overlord x3  
  125  10:25  Roach  
  125  10:26  Roach x10  
  143  10:46  Roach x8  
  143  10:48  Ravager x3  
  143  10:49  Ravager x3  
  153  11:04  Zerg Ground Armor Level 2, Zerg Missile Weapons Level 2  
  151  11:06  Infestation Pit  
  148  11:15  Roach x5  
  148  11:17  Drone  
  148  11:18  Drone  
  160  11:19  Drone  
  121  12:04  Roach  
  121  12:05  Roach x20  
  138  12:21  Roach x7  
  137  12:32  Roach x4  
  137  12:33  Roach  
  137  12:35  Overseer x3  
  127  13:05  Roach x3  
  133  13:06  Zergling x10  
Show
View Real Time Build Order
Export as new Build Order

Dibblz Terran 

Build Orders: Mech 

Get SALT Encoding   

  12  0:00  SCV  
  13  0:13  SCV  
  14  0:18  Supply Depot  
  14  0:25  SCV  
  14  0:27  Refinery  
  15  0:39  SCV  
  16  0:45  Barracks  
  16  0:51  SCV  
  17  1:03  SCV  
  18  1:10  Refinery  
  18  1:15  SCV  
  19  1:29  SCV  
  20  1:35  Reaper  
  21  1:43  Orbital Command  
  21  1:55  Command Center  
  21  2:07  Factory  
  21  2:08  Barracks Reactor  
  21  2:18  Supply Depot  
  21  2:20  SCV  
  22  2:25  Refinery  
  22  2:48  SCV  
  22  2:52  Marine x2  
  22  2:54  Widow Mine  
  26  3:00  Factory  
  26  3:05  SCV  
  27  3:28  Orbital Command  
  27  3:37  Barracks Tech Lab  
  27  3:41  SCV  
  27  3:56  Hellion x2  
  31  4:04  Mag-Field Accelerator  
  31  4:10  Orbital Command  
  31  4:16  Cyclone  
  34  4:17  SCV  
  34  4:20  Hellion x2  
  39  4:29  SCV  
  40  4:36  SCV  
  41  4:41  Barracks Tech Lab  
  41  4:42  SCV  
  41  4:44  Factory  
  42  4:46  Supply Depot  
  42  4:51  Cyclone  
  45  5:08  Widow Mine x2  
  43  5:22  SCV  
  43  5:25  Cyclone  
  43  5:26  SCV, Supply Depot  
  46  5:42  Cyclone  
  49  5:43  Supply Depot  
  49  5:44  Widow Mine x2  
  53  5:54  SCV  
  53  5:55  SCV  
  55  5:59  Supply Depot  
  55  6:06  Orbital Command  
  42  6:20  Hellion x2  
  44  6:37  Cyclone  
  44  6:38  Cyclone  
  50  6:41  SCV  
  50  6:43  SCV  
  52  6:53  Hellion x2  
  56  7:00  SCV  
  55  7:07  SCV  
  56  7:08  Command Center  
  56  7:10  Infernal Pre-Igniter  
  56  7:15  SCV  
  57  7:16  Cyclone  
  57  7:21  Widow Mine x2  
  64  7:23  Siege Tank  
  65  7:45  Factory  
  65  7:49  Refinery x2  
  65  7:50  Factory  
  65  7:51  SCV  
  64  7:55  SCV  
  65  8:06  Engineering Bay  
  65  8:08  Hellion x3  
  65  8:10  SCV x2  
  73  8:22  SCV  
  71  8:33  Cyclone x2  
  75  8:34  Factory Tech Lab, Factory Reactor  
  75  8:37  SCV  
  76  8:45  Command Center, Armory  
  76  8:53  SCV  
  77  9:00  SCV  
  79  9:04  Cyclone  
  79  9:05  SCV, Hellion x2  
  87  9:11  Planetary Fortress  
  87  9:12  SCV  
  81  9:32  SCV x2  
  81  9:34  Cyclone x2  
  81  9:35  Hellion  
  90  9:44  SCV  
  90  9:45  SCV  
  92  9:51  Supply Depot  
  92  9:53  Supply Depot  
  92  9:57  Widow Mine x3  
  98  10:01  Widow Mine  
  85  10:28  Siege Tank x2  
  85  10:29  Siege Tank, Hellion x4  
  85  10:31  Terran Vehicle Weapons Level 1  
  85  10:35  Armory  
  102  10:37  Refinery  
  102  10:38  Refinery  
  102  10:40  Supply Depot  
  102  10:47  Starport  
  102  11:15  SCV  
  102  11:17  Orbital Command  
  103  11:18  Barracks Reactor  
  103  11:19  SCV  
  44  12:23  Cyclone  
  44  12:25  Hellion  
  43  12:33  SCV  
  43  12:34  SCV  
  39  12:37  SCV  
  39  12:46  SCV x2  
  39  12:47  Factory Tech Lab  
  39  12:49  SCV  
  31  12:58  SCV x2  
  28  13:01  SCV  
  28  13:05  Factory  
  28  13:08  Factory  
  28  13:10  SCV x2  
Tags
 
Add a new tag
Caveats
  • Supply blocks, unpowered buildings, or Contaminate may cause inaccurate times.
  • Supply counts are checked every 10 seconds.